[Event "Titled Tuesday Blitz October 11 Late 2022"]
[White "Paravyan, David"]
[Black "Besedes, Danilo"]
[WhiteFideId "4194985"]
[BlackFideId "946796"]
[WhiteElo "2555"]
[BlackElo "2352"]
[Result "1/2-1/2"]
[Round "01"]
[TimeControl "180+1"]
[Date "2022.10.11"]
[WhiteClock "0:01:43"]
[BlackClock "0:00:37"]

1. e4 e6 2. d4 d5 3. Nc3 dxe4 4. Nxe4 Nd7 5. Nf3 Ngf6 6. Bg5 Be7 7. Nxf6+ Nxf6 8. Qe2 Qd5 9. Qb5+ Bd7 10. Qxd5 exd5 11. Bd3 h6 12. Bf4 c6 13. O-O O-O 14. Rfe1 Rfe8 15. h3 Bf8 16. c3 Rxe1+ 17. Rxe1 Re8 18. Ne5 Bc8 19. Kf1 Nd7 20. Ng4 Rxe1+ 21. Kxe1 h5 22. Ne3 Nf6 23. f3 Be6 24. g4 hxg4 25. hxg4 Ne8 26. Kf2 Bd6 27. Kg3 g5 28. Bxd6 Nxd6 29. b3 b5 30. b4 f6 31. Bc2 Kg7 32. a4 a6 33. a5 Bf7 34. Nf5+ Nxf5+ 35. Bxf5 Kf8 36. Bc8 Ke7 37. Bxa6 Kd7 38. Bb7 Kc7 39. a6 Be8 40. Kf2 Bd7 41. Ke3 Bc8 42. Bxc8 Kxc8 43. f4 Kb8 44. Kf3 Ka7 45. fxg5 fxg5 46. Ke2 Kxa6 47. Ke3 Kb6 48. Ke2 Ka6 49. Ke3 Kb6 50. Ke2 Ka6 1/2-1/2


[Site "https://www.chess.com"]

[Event "Titled Tuesday Blitz October 11 Late 2022"]
[White "Pasti, Aron"]
[Black "Boruchovsky, Avital"]
[WhiteFideId "785857"]
[BlackFideId "2800055"]
[WhiteElo "2454"]
[BlackElo "2837"]
[Result "1/2-1/2"]
[Round "01"]
[TimeControl "180+1"]
[Date "2022.10.12"]
[WhiteClock "0:00:25"]
[BlackClock "0:00:07"]

1. e4 c6 2. d4 d5 3. Nc3 dxe4 4. Nxe4 Nd7 5. Nf3 Ngf6 6. Ng3 g6 7. c4 Bg7 8. Bd3 O-O 9. O-O b6 10. Be3 Bb7 11. Re1 Re8 12. Ne5 c5 13. Nxd7 Nxd7 14. Be4 Bxe4 15. Nxe4 cxd4 16. Bxd4 Ne5 17. b3 Qxd4 18. Qxd4 Nf3+ 19. gxf3 Bxd4 20. Rad1 Red8 21. Rd3 f5 22. Red1 fxe4 23. Rxd4 Rxd4 24. Rxd4 exf3 25. Rd3 Kg7 26. h3 e5 27. Rxf3 Rd8 28. Re3 Kf6 29. Re2 Rd3 30. Kg2 Kf5 31. Rc2 h5 32. b4 Ke6 33. c5 bxc5 34. bxc5 Kd7 35. c6+ Kc7 36. Rc5 e4 37. Ra5 Kxc6 38. Rxa7 Rd2 39. Kg3 g5 40. Ra4 h4+ 41. Kg4 Kd5 42. Ra5+ Kd4 43. Ra4+ Kd3 44. Ra3+ Kd4 45. Ra4+ Kd3 46. Ra3+ Ke2 47. Re3+ Kxf2 48. Rxe4 Rd5 49. a4 Ra5 50. Rb4 Ke3 1/2-1/2


[Site "https://www.chess.com"]

[Event "Titled Tuesday Blitz October 11 Late 2022"]
[White "Petrovic, Aleksa"]
[Black "Predke, Alexandr"]
[WhiteFideId "967629"]
[BlackFideId "24107581"]
[WhiteElo "2433"]
[BlackElo "2793"]
[Result "0-1"]
[Round "01"]
[TimeControl "180+1"]
[Date "2022.10.12"]
[WhiteClock "0:00:01"]
[BlackClock "0:00:03"]

1. d4 Nf6 2. c4 e6 3. Nf3 d5 4. Nc3 Bb4 5. e3 O-O 6. Bd3 dxc4 7. Bxc4 c5 8. O-O Nc6 9. a3 Ba5 10. dxc5 Bxc3 11. bxc3 Ne4 12. Qc2 Nxc5 13. a4 b6 14. Ba3 Qe7 15. Nd4 Ne5 16. Be2 Bb7 17. a5 Qg5 18. g3 Qh6 19. f4 Qh3 20. Rf2 Ng4 21. Bxg4 Qxg4 22. Bxc5 bxc5 23. Nb3 Qh5 24. a6 Bf3 25. Nxc5 Rac8 26. Nb3 Ba8 27. Nd4 Qd5 28. e4 Qc5 29. Rc1 Rfd8 30. Rd2 Rd6 31. Qd3 e5 32. fxe5 Qxe5 33. Re1 g6 34. Qe3 Rxa6 35. Nf3 Qe7 36. Qh6 f6 37. Red1 Qf8 38. Qxf8+ Rxf8 39. Rd7 Bxe4 40. Re7 Bc6 41. Nd4 Rf7 42. Nxc6 Rxc6 43. Rd8+ Kg7 44. Rxf7+ Kxf7 45. Rd7+ Kg8 46. Rxa7 Rxc3 47. Kg2 Rc8 48. Kf2 Rf8 49. Kg2 Rf7 50. Ra8+ Kg7 51. Kf3 Rc7 52. Ra3 f5 53. Ra2 g5 54. Kg2 Rc6 55. Ra7+ Kg6 56. Ra2 h5 57. Rd2 Kf6 58. Rf2 Rd6 59. Re2 Rd4 60. Re8 h4 61. Rf8+ Ke6 62. Re8+ Kf7 63. Re5 Kf6 64. Ra5 Rd2+ 65. Kg1 h3 66. Ra6+ Ke5 67. Ra5+ Ke4 68. Ra4+ Ke3 69. Ra3+ Rd3 70. Ra1 f4 71. gxf4 gxf4 72. Rf1 Rd2 73. Kh1 f3 74. Re1+ Kf2 75. Rf1+ Ke2 76. Rf2+ Ke3 77. Rf1 f2 78. Ra1 Ke2 79. Rf1 Kf3 80. Ra1 Rd3 81. Rf1 Ke3 82. Ra1 Kf3 83. Rf1 Kg4 84. Ra1 Rd4 85. Rf1 Rf4 0-1


[Site "https://www.chess.com"]

[Event "Titled Tuesday Blitz October 11 Late 2022"]
[White "Pinheiro, Iung Alicio de O."]
[Black "Garmash, Aliona"]
[WhiteFideId "2104350"]
[BlackFideId "34127620"]
[WhiteElo "2283"]
[BlackElo "1980"]
[Result "1-0"]
[Round "01"]
[TimeControl "180+1"]
[Date "2022.10.12"]
[WhiteClock "0:00:09"]
[BlackClock "0:00:01"]

1. e4 c5 2. Nf3 d6 3. Nc3 Nf6 4. e5 dxe5 5. Nxe5 a6 6. Bc4 e6 7. Qf3 Qd4 8. Qe3 Qxe3+ 9. fxe3 b5 10. Be2 Bb7 11. O-O Bd6 12. Bf3 Bxf3 13. Nxf3 O-O 14. d3 Nc6 15. a4 b4 16. Ne2 Rfc8 17. b3 Nd5 18. e4 Nde7 19. Bb2 Ng6 20. Nd2 e5 21. Nc4 Bc7 22. g3 Nd4 23. Bxd4 cxd4 24. Rf2 Bd8 25. Raf1 Bg5 26. Rf5 Bf6 27. h4 Ne7 28. R5f3 Ra7 29. Kg2 Rac7 30. Kh3 Nc6 31. g4 h6 32. Rf5 Re8 33. Ng3 Nd8 34. g5 hxg5 35. hxg5 Be7 36. Rxf7 Nxf7 37. g6 Ng5+ 38. Kg4 Bf6 39. Nf5 Ne6 40. Rh1 Rb8 41. Rh7 Nc5 42. Ncd6 Rf8 43. Nh6+ gxh6 44. Rxc7 1-0


[Site "https://www.chess.com"]

[Event "Titled Tuesday Blitz October 11 Late 2022"]
[White "Plotnikov, Pavel"]
[Black "Floresvillar Gonzalez, Luis Migu"]
[WhiteFideId "4170342"]
[BlackFideId "5100542"]
[WhiteElo "2298"]
[BlackElo "2040"]
[Result "1-0"]
[Round "01"]
[TimeControl "180+1"]
[Date "2022.10.12"]
[WhiteClock "0:00:20"]
[BlackClock "0:00:02"]

1. d4 e6 2. e4 Be7 3. Nc3 d5 4. Nf3 dxe4 5. Nxe4 Nd7 6. Bd3 Ngf6 7. Qe2 Nxe4 8. Bxe4 Nf6 9. Bxb7 Bxb7 10. Qb5+ Qd7 11. Qxb7 O-O 12. O-O Rfb8 13. Qa6 Rb6 14. Qd3 Rab8 15. b3 c5 16. Bb2 cxd4 17. Qxd4 Rd6 18. Qf4 Rd8 19. Be5 Rd5 20. c4 Rd3 21. h3 h6 22. Rfe1 Bd6 23. Qh4 Qe7 24. Bxd6 R8xd6 25. Rac1 a5 26. c5 R6d5 27. c6 Qc7 28. Qa4 Rxf3 29. gxf3 Nh5 30. Re4 Rg5+ 31. Rg4 Nf4 32. Rxg5 hxg5 33. Qb5 Nxh3+ 34. Kg2 Nf4+ 35. Kf1 f6 36. a3 Kh7 37. b4 axb4 38. axb4 e5 39. Qc4 Ng6 40. b5 Nh4 41. b6 Qxb6 42. c7 Nxf3 43. Qe4+ g6 44. Qxf3 Qb5+ 45. Kg1 g4 46. Qxf6 Qb2 47. c8=Q 1-0


[Site "https://www.chess.com"]

[Event "Titled Tuesday Blitz October 11 Late 2022"]
[White "Polanco Nunez, Yoel Estarling"]
[Black "Goltsev, Dmitry"]
[WhiteFideId "6401783"]
[BlackFideId "24176710"]
[WhiteElo "2132"]
[BlackElo "2257"]
[Result "0-1"]
[Round "01"]
[TimeControl "180+1"]
[Date "2022.10.12"]
[WhiteClock "0:00:32"]
[BlackClock "0:00:46"]

1. Nf3 d5 2. g3 Nf6 3. Bg2 c5 4. O-O Nc6 5. d4 cxd4 6. Nxd4 e5 7. Nxc6 bxc6 8. c4 Be7 9. Nc3 Be6 10. Qa4 Qd7 11. Rd1 Rd8 12. Bg5 e4 13. Bxf6 Bxf6 14. Nxe4 Bxb2 15. Rab1 Be5 16. Nc5 Qc7 17. cxd5 Bf5 18. Na6 Qd6 19. Rbc1 O-O 20. Rxc6 Bd7 21. Rxd6 Bxa4 22. Rxd8 Rxd8 23. Rb1 Rc8 24. e3 Bc2 25. Rb7 Bd3 26. f4 Bd6 27. Bh1 Bxa6 28. Rd7 Bc5 29. Kf2 Re8 30. d6 Bxe3+ 31. Kf3 Bb5 32. Rc7 Bb6 33. Rc3 Be2+ 34. Kg2 Ba6 35. Kh3 Rd8 0-1


[Site "https://www.chess.com"]

[Event "Titled Tuesday Blitz October 11 Late 2022"]
[White "Poliakova, Varvara"]
[Black "Kamsky, Gata"]
[WhiteFideId "13518313"]
[BlackFideId "2000024"]
[WhiteElo "1938"]
[BlackElo "2666"]
[Result "0-1"]
[Round "01"]
[TimeControl "180+1"]
[Date "2022.10.11"]
[WhiteClock "0:00:12"]
[BlackClock "0:00:18"]

1. e4 c5 2. Nf3 e6 3. d4 cxd4 4. Nxd4 a6 5. Nc3 b5 6. a3 Bb7 7. Bd3 Bc5 8. Nf3 Ne7 9. O-O Nbc6 10. Re1 Ng6 11. Bf1 O-O 12. g3 d6 13. Bg2 Qc7 14. Qe2 h6 15. Be3 Bxe3 16. Qxe3 Nce5 17. Nd2 Rac8 18. Rad1 Rfd8 19. h3 Qc5 20. f4 Nd7 21. Nb3 Qxe3+ 22. Rxe3 Nb6 23. Bf1 Kf8 24. Kf2 Ba8 25. h4 Ne7 26. Rd2 Ng8 27. Be2 Nf6 28. Ke1 h5 29. Na2 g6 30. c3 Nc4 31. Bxc4 bxc4 32. Nd4 Nxe4 33. Rde2 d5 34. Nb4 a5 35. Nbc2 Rb8 36. Na1 Rdc8 37. Kd1 Bc6 38. Kc1 Ba4 39. Nf3 Nc5 40. Ne5 Rb6 41. Nc2 Bxc2 42. Rxc2 Kg7 43. g4 hxg4 44. Nxg4 Nd3+ 45. Kd2 Rxb2 46. Rxb2 Nxb2 47. Ne5 Rb8 48. Re1 Na4 49. Rc1 Rb3 50. Nc6 Rxa3 51. Nxa5 Nc5 0-1


[Site "https://www.chess.com"]

[Event "Titled Tuesday Blitz October 11 Late 2022"]
[White "Potula, Kapish"]
[Black "Pert, Richard G"]
[WhiteFideId "30903270"]
[BlackFideId "404748"]
[WhiteElo "1946"]
[BlackElo "2441"]
[Result "0-1"]
[Round "01"]
[TimeControl "180+1"]
[Date "2022.10.12"]
[WhiteClock "0:00:04"]
[BlackClock "0:00:15"]

1. d4 d5 2. Nc3 Nf6 3. Bf4 e6 4. Nf3 Bb4 5. e3 O-O 6. Bd3 c5 7. dxc5 Nbd7 8. O-O Nxc5 9. Ne2 Bd7 10. a3 Nxd3 11. cxd3 Be7 12. Qb3 Bc6 13. Rac1 Nd7 14. Ne5 Nxe5 15. Bxe5 Qd7 16. Nd4 Rfc8 17. Nxc6 Rxc6 18. Rc2 Rac8 19. Rfc1 f6 20. Bg3 Kf7 21. d4 a6 22. h3 b5 23. Qd3 g6 24. h4 Rc4 25. h5 R8c6 26. hxg6+ hxg6 27. Qe2 Qc8 28. Rxc4 Rxc4 29. Rxc4 Qxc4 30. Qxc4 dxc4 31. Kf1 c3 32. bxc3 Bxa3 33. Ke2 Ke7 34. Kd3 Bd6 35. f4 f5 36. Bh4+ Kd7 37. e4 a5 38. d5 Bxf4 39. exf5 exf5 40. Bf2 a4 41. Bc5 Bd6 42. Bd4 a3 43. c4 bxc4+ 44. Kxc4 g5 45. Bf6 g4 46. Kb3 f4 47. Kc4 f3 48. gxf3 g3 49. Kd3 g2 50. Bd4 a2 51. Kc2 a1=Q 52. Bxa1 g1=Q 0-1


[Site "https://www.chess.com"]

[Event "Titled Tuesday Blitz October 11 Late 2022"]
[White "Prabhu, Naveen"]
[Black "Barria Zuniga, Daniel"]
[WhiteFideId "30939372"]
[BlackFideId "3400816"]
[WhiteElo "2338"]
[BlackElo "2414"]
[Result "0-1"]
[Round "01"]
[TimeControl "180+1"]
[Date "2022.10.12"]
[WhiteClock "0:00:05"]
[BlackClock "0:01:04"]

1. e4 c5 2. Nf3 Nc6 3. Bb5 Na5 4. O-O a6 5. Be2 b5 6. d4 cxd4 7. Nxd4 Bb7 8. Bf3 e6 9. Re1 Ne7 10. e5 Qc7 11. Bxb7 Qxb7 12. b3 Rc8 13. a4 b4 14. Bb2 Ng6 15. Nd2 Be7 16. N4f3 O-O 17. Ne4 Nf4 18. c3 bxc3 19. Bxc3 Nc6 20. Rb1 Nb4 21. Bd2 Nbd3 22. Bxf4 Nxf4 23. Qd2 Nd5 24. Nfg5 h6 25. Nh3 Bb4 26. Qd3 Bxe1 27. Rxe1 Qb4 28. Kf1 a5 29. Nd6 Rc3 30. Qa6 Rxb3 31. g3 Qxa4 32. Qa7 Qc6 33. Kg1 Rb4 34. Qxa5 Ra8 35. Qxa8+ Qxa8 36. g4 0-1


[Site "https://www.chess.com"]

[Event "Titled Tuesday Blitz October 11 Late 2022"]
[White "Preotu, Razvan"]
[Black "Mickiewicz, Piotr"]
[WhiteFideId "2613280"]
[BlackFideId "1114891"]
[WhiteElo "2407"]
[BlackElo "2246"]
[Result "0-1"]
[Round "01"]
[TimeControl "180+1"]
[Date "2022.10.12"]
[WhiteClock "0:00:53"]
[BlackClock "0:00:24"]

1. e4 c6 2. Nc3 d5 3. Nf3 Bg4 4. h3 Bxf3 5. Qxf3 e6 6. Be2 Nf6 7. O-O Be7 8. Rd1 O-O 9. d4 a6 10. Bd3 dxe4 11. Nxe4 Nbd7 12. Nd2 Qc7 13. Nc4 Nd5 14. c3 c5 15. dxc5 Bxc5 16. Bg5 Ne5 17. Nxe5 Qxe5 18. Bh4 Qf4 19. Qxf4 Nxf4 20. Be4 f5 21. Bxb7 Rab8 22. Bxa6 Rxb2 23. Kf1 Ra8 24. Rd8+ Rxd8 25. Bxd8 Rxf2+ 26. Ke1 Nxg2+ 27. Kd1 Ne3+ 28. Ke1 Nc2+ 29. Kd1 Nxa1 30. a4 Kf7 31. a5 Nb3 32. Bc4 Nd2 33. Bb5 Ne4 0-1


[Site "https://www.chess.com"]

[Event "Titled Tuesday Blitz October 11 Late 2022"]
[White "Prieto Aranguren, Alain"]
[Black "Lewicki, Miroslaw"]
[WhiteFideId "2268906"]
[BlackFideId "1113380"]
[WhiteElo "2209"]
[BlackElo "2236"]
[Result "1/2-1/2"]
[Round "01"]
[TimeControl "180+1"]
[Date "2022.10.12"]
[WhiteClock "0:00:01"]
[BlackClock "0:00:06"]

1. d4 b6 2. e4 Bb7 3. Bd3 Nf6 4. Qe2 e6 5. f4 d5 6. e5 Ne4 7. Nd2 Nxd2 8. Bxd2 Be7 9. Nf3 h6 10. O-O c5 11. c3 Qc7 12. Qf2 Nc6 13. Qg3 g6 14. a4 c4 15. Bc2 Na5 16. Qh3 O-O-O 17. g4 Kb8 18. f5 gxf5 19. gxf5 Rdg8+ 20. Kh1 Bg5 21. fxe6 fxe6 22. Qxe6 Re8 23. Qd6 Qxd6 24. exd6 Re2 25. Rad1 Bc8 26. Bxg5 hxg5 27. Rd2 Re6 28. Nxg5 Ree8 29. Rdf2 Nb7 30. Nf7 Rh3 31. Bf5 Bxf5 32. Rxf5 Kc8 33. Rxd5 Re2 34. Rg5 Rexh2+ 35. Kg1 Rh7 36. Rg8+ Kd7 37. Ne5+ Kxd6 38. Rf6+ Kd5 39. Rg4 Rh1+ 40. Kg2 R7h2+ 41. Kg3 Rxb2 42. Nf3 Rh5 43. Kf4 Re2 44. Rg7 Re4+ 45. Kg3 Nd6 46. Rd7 Re6 47. Rxe6 Kxe6 48. Rxa7 Ne4+ 49. Kg2 Nxc3 50. Ra6 Nd5 51. a5 Kd6 52. axb6 Kc6 53. b7+ Kxb7 54. Ra5 Kb6 55. Rc5 Ne3+ 56. Kf2 Ng4+ 57. Ke2 Rxc5 58. dxc5+ Kxc5 59. Kd2 Ne5 60. Nxe5 Kd4 61. Nxc4 1/2-1/2


[Site "https://www.chess.com"]

[Event "Titled Tuesday Blitz October 11 Late 2022"]
[White "Principe, Gerson"]
[Black "Carlsen, Magnus"]
[WhiteFideId "3804550"]
[BlackFideId "1503014"]
[WhiteElo "2280"]
[BlackElo "2830"]
[Result "0-1"]
[Round "01"]
[TimeControl "180+1"]
[Date "2022.10.11"]
[WhiteClock "0:00:17"]
[BlackClock "0:01:57"]

1. d4 d5 2. Nf3 Bf5 3. e3 e6 4. Be2 Nf6 5. O-O h6 6. b3 a5 7. a3 c6 8. Bb2 Nbd7 9. c4 Bd6 10. Nbd2 Qb8 11. Rc1 O-O 12. Re1 b5 13. cxd5 cxd5 14. Nf1 b4 15. a4 Rc8 16. Ng3 Bxg3 17. hxg3 Rxc1 18. Qxc1 Qb7 19. Qd1 Rc8 20. Bd3 Qc6 21. Bxf5 exf5 22. Ne5 Qc2 23. Nd3 Ne4 24. Bc1 Qxd1 25. Rxd1 Rc3 26. Nf4 Ndf6 27. Bd2 Rxb3 28. Be1 Ra3 29. f3 Nd6 30. Rc1 Rxa4 31. Rc5 Ra1 32. Kf2 b3 33. Bc3 Nfe4+ 34. fxe4 Nxe4+ 35. Ke2 Nxc3+ 36. Rxc3 b2 0-1


[Site "https://www.chess.com"]

[Event "Titled Tuesday Blitz October 11 Late 2022"]
[White "Przybylski, Wojciech"]
[Black "Donchenko, Alexander"]
[WhiteFideId "1117599"]
[BlackFideId "24603295"]
[WhiteElo "2221"]
[BlackElo "2572"]
[Result "0-1"]
[Round "01"]
[TimeControl "180+1"]
[Date "2022.10.11"]
[WhiteClock "0:00:01"]
[BlackClock "0:01:35"]

1. e4 c6 2. d4 d5 3. e5 Bf5 4. Nf3 e6 5. Be2 Nd7 6. O-O h6 7. Be3 Ne7 8. Nbd2 Bh7 9. a4 Nf5 10. c3 c5 11. h3 a6 12. a5 Be7 13. Qa4 cxd4 14. cxd4 O-O 15. Rac1 Nb8 16. Nb3 Nxe3 17. fxe3 Nc6 18. Ra1 Rc8 19. Rfc1 Qd7 20. Nc5 Bxc5 21. Rxc5 Rc7 22. Rac1 Rfc8 23. b4 Qe7 24. b5 axb5 25. Qxb5 Be4 26. Qb6 Bxf3 27. Bxf3 Qg5 28. R1c3 Nxe5 29. Rxc7 Nxf3+ 30. Kf2 Rxc7 31. Rxc7 Nd2 32. Rc8+ Kh7 33. g4 Ne4+ 34. Ke2 Qh4 35. Qb4 Qxh3 36. Kd3 Qxg4 37. Kc2 Qe2+ 38. Kb3 Qxe3+ 39. Ka4 h5 40. Kb5 h4 41. Kb6 h3 42. Kxb7 h2 43. Qf8 Kg6 44. Qh8 Nd6+ 45. Kc6 Nxc8 46. Qxh2 Qc3+ 47. Kb7 Qxa5 48. Kxc8 Qc3+ 49. Kd7 Qxd4 50. Qg2+ Kh7 51. Ke7 Qf6+ 52. Kf8 Qd8+ 53. Kxf7 Qf6+ 54. Ke8 d4 55. Qh3+ Kg8 56. Qb3 g5 57. Qd3 Kg7 58. Kd7 e5 59. Kc7 g4 60. Qe4 Qf4 61. Qd5 e4+ 62. Kd8 Qf8+ 63. Kd7 Qf7+ 64. Kc8 Qxd5 0-1


[Site "https://www.chess.com"]

[Event "Titled Tuesday Blitz October 11 Late 2022"]
[White "Rasulov, Vugar"]
[Black "Le Goff, Ronan"]
[WhiteFideId "13402390"]
[BlackFideId "612073"]
[WhiteElo "2509"]
[BlackElo "2276"]
[Result "1/2-1/2"]
[Round "01"]
[TimeControl "180+1"]
[Date "2022.10.11"]
[WhiteClock "0:01:00"]
[BlackClock "0:00:07"]

1. e4 e5 2. Nf3 Nc6 3. Bb5 Nf6 4. O-O Be7 5. Re1 d6 6. d4 exd4 7. Nxd4 Bd7 8. Bxc6 bxc6 9. Nc3 O-O 10. Qf3 c5 11. Nf5 Bxf5 12. exf5 Re8 13. Bg5 Rb8 14. b3 h6 15. Bh4 Qd7 16. Rad1 c6 17. Bxf6 Bxf6 18. Ne4 Bd4 19. c3 d5 20. Ng3 Bf6 21. Nh5 Bg5 22. g3 Rxe1+ 23. Rxe1 Re8 24. Rd1 Bd8 25. c4 d4 26. g4 Qe7 27. Ng3 Qd6 28. Kg2 Ba5 29. h4 Re1 30. Rxe1 Bxe1 31. g5 hxg5 32. hxg5 d3 33. Ne4 Qd4 34. g6 d2 35. gxf7+ Kf8 36. Ng5 d1=Q 37. Ne6+ Kxf7 38. Nxd4 Qxd4 39. Kf1 Bc3 40. Qxc6 Qd1+ 41. Kg2 Qg4+ 42. Kf1 Qd1+ 43. Kg2 Qg4+ 44. Kh1 Qxf5 45. Qc7+ Kg8 46. Qd8+ Qf8 47. Qd5+ Qf7 48. Qd8+ Kh7 49. Qh4+ Kg8 50. Qd8+ Qf8 51. Qd5+ Qf7 52. Qd8+ 1/2-1/2


[Site "https://www.chess.com"]

[Event "Titled Tuesday Blitz October 11 Late 2022"]
[White "Remolar Gallen, Jose"]
[Black "Gorodetzky, David"]
[WhiteFideId "2215187"]
[BlackFideId "2813416"]
[WhiteElo "2214"]
[BlackElo "2487"]
[Result "0-1"]
[Round "01"]
[TimeControl "180+1"]
[Date "2022.10.11"]
[WhiteClock "0:00:03"]
[BlackClock "0:00:12"]

1. d4 d5 2. Nf3 e6 3. e3 c5 4. b3 Nf6 5. Bd3 Nc6 6. O-O Qc7 7. Bb2 Bd6 8. c4 cxd4 9. exd4 O-O 10. Nc3 a6 11. c5 Be7 12. a3 b6 13. b4 bxc5 14. bxc5 Rb8 15. Na4 Nd7 16. Bc3 Bf6 17. Re1 g6 18. Qe2 Rb3 19. Reb1 Rxc3 20. Nxc3 Nxd4 21. Nxd4 Bxd4 22. Rc1 Nxc5 23. Rab1 Bd7 24. Bxa6 Bxc3 25. Rxc3 Qa5 26. Qe3 Nxa6 27. Rbc1 Qa4 28. Qh6 Qd4 29. h4 Qg7 30. Qg5 d4 31. Rc4 e5 32. Qe7 Be6 33. Rc6 Nb8 34. Rc7 d3 35. h5 gxh5 36. a4 Bd5 37. g3 d2 38. Rc8 dxc1=Q+ 39. Rxc1 Nc6 0-1


[Site "https://www.chess.com"]

[Event "Titled Tuesday Blitz October 11 Late 2022"]
[White "Reprintsev, Alexander"]
[Black "Kollars, Dmitrij"]
[WhiteFideId "14100541"]
[BlackFideId "12909572"]
[WhiteElo "2230"]
[BlackElo "2584"]
[Result "0-1"]
[Round "01"]
[TimeControl "180+1"]
[Date "2022.10.11"]
[WhiteClock "0:00:16"]
[BlackClock "0:00:13"]

1. e4 c6 2. Nc3 d5 3. Nf3 dxe4 4. Nxe4 Nf6 5. Qe2 Nxe4 6. Qxe4 Nd7 7. Bc4 Nf6 8. Ne5 e6 9. Qe2 b5 10. Bb3 Qc7 11. d4 Bd6 12. c3 O-O 13. O-O a5 14. Bg5 c5 15. Bxf6 gxf6 16. Ng4 Kg7 17. Qe3 Bf4 18. Qh3 f5 19. g3 fxg4 20. Qxg4+ Kh8 21. Qxf4 Qxf4 22. gxf4 Rg8+ 23. Kh1 cxd4 24. cxd4 Bb7+ 25. f3 Rg4 26. f5 a4 27. Bc2 Rag8 28. fxe6 Rg1+ 29. Rxg1 Bxf3+ 30. Rg2 Bxg2+ 31. Kg1 Be4+ 32. Kf2 Bxc2 33. Rc1 Bf5 34. exf7 Rf8 35. Rc7 Be6 36. Ke3 Bxa2 37. Rb7 Bc4 38. Ke4 Rxf7 39. Rb8+ Kg7 40. d5 Re7+ 41. Kd4 Rd7 0-1


[Site "https://www.chess.com"]

[Event "Titled Tuesday Blitz October 11 Late 2022"]
[White "Richter, Paul"]
[Black "Theodorou, Nikolas"]
[WhiteFideId "2046350"]
[BlackFideId "4262875"]
[WhiteElo "2503"]
[BlackElo "2512"]
[Result "0-1"]
[Round "01"]
[TimeControl "180+1"]
[Date "2022.10.11"]
[WhiteClock "0:00:01"]
[BlackClock "0:00:30"]

1. e4 b6 2. d4 Bb7 3. Nc3 d6 4. Bd3 Nd7 5. Nf3 e5 6. O-O Ngf6 7. Re1 g6 8. a4 a6 9. Bc4 Bg7 10. dxe5 dxe5 11. Nd5 O-O 12. Nxf6+ Nxf6 13. Qxd8 Raxd8 14. Bg5 h6 15. Bxf6 Bxf6 16. c3 Kg7 17. h3 Rd6 18. Rad1 Rxd1 19. Rxd1 Bxe4 20. Re1 Bc6 21. Nxe5 Bxa4 22. Bxa6 Re8 23. Nf3 Rd8 24. Bc4 c5 25. Be2 b5 26. Kf1 b4 27. cxb4 cxb4 28. Bc4 Bxb2 29. Re7 Rd7 30. Rxd7 Bxd7 31. Ke2 Bc6 32. Bb3 Bc3 33. g3 f5 34. h4 Kf6 35. Nd2 Bb5+ 36. Ke3 Bb2 37. Nc4 Bc1+ 38. Kf3 Bc6+ 39. Ke2 Bd5 40. Kd3 Be4+ 41. Kd4 g5 42. hxg5+ hxg5 43. Ne3 Bd2 44. Nd5+ Kg6 45. f4 g4 46. Ne3 Be1 47. Nf1 Bg2 48. Ne3 Bf2 49. Kd3 Be4+ 0-1


[Site "https://www.chess.com"]

[Event "Titled Tuesday Blitz October 11 Late 2022"]
[White "Romero Ruscalleda, Josep"]
[Black "Slugin, Sergey"]
[WhiteFideId "2231859"]
[BlackFideId "4122569"]
[WhiteElo "2390"]
[BlackElo "2330"]
[Result "0-1"]
[Round "01"]
[TimeControl "180+1"]
[Date "2022.10.12"]
[WhiteClock "0:01:07"]
[BlackClock "0:00:55"]

1. e4 e5 2. Nf3 Nc6 3. Bc4 Bc5 4. c3 Nf6 5. b4 Bb6 6. d3 O-O 7. Bb3 a6 8. O-O h6 9. Nbd2 d5 10. Qe2 d4 11. Bb2 dxc3 12. Bxc3 Nd4 13. Bxd4 Bxd4 14. Nxd4 Qxd4 15. Nf3 Qd6 16. Rfd1 Bg4 17. a3 Rad8 18. h3 Bxf3 19. Qxf3 Qd4 20. Rac1 c6 21. Qf5 Rfe8 22. Kh2 Qb2 23. f4 Qxb3 24. fxe5 Nd7 25. d4 Nxe5 26. Rf1 Ng6 27. d5 Rf8 28. dxc6 bxc6 29. Rxc6 Qxa3 30. Rc7 Qxb4 31. Rxf7 Rxf7 32. Qxf7+ Kh7 33. Rf6 Qb8+ 34. Kg1 Rd1+ 35. Kf2 Qb2+ 36. Kg3 Qxf6 0-1


[Site "https://www.chess.com"]

[Event "Titled Tuesday Blitz October 11 Late 2022"]
[White "Rose, Felix"]
[Black "Sourath Biswas"]
[WhiteFideId "5105722"]
[BlackFideId "35091484"]
[WhiteElo "2039"]
[BlackElo "2164"]
[Result "0-1"]
[Round "01"]
[TimeControl "180+1"]
[Date "2022.10.12"]
[WhiteClock "0:00:27"]
[BlackClock "0:00:20"]

1. d4 Nf6 2. Nc3 d5 3. Bf4 g6 4. h3 Bg7 5. Nb5 Na6 6. e3 O-O 7. Nf3 c6 8. Nc3 Nc7 9. Bd3 Bf5 10. Bxf5 gxf5 11. Ne5 Ne6 12. Qd3 Ne4 13. g4 Nxf4 14. exf4 Qc8 15. gxf5 Qxf5 16. O-O-O Qxf4+ 17. Kb1 Nxf2 18. Qf1 Qf6 19. Nd7 Qh4 20. Nxf8 Nxd1 21. Qxd1 Rxf8 22. Ne2 f5 23. c3 f4 24. Nc1 f3 25. Rf1 Qxh3 26. Nd3 Qg2 27. Qe1 Qe2 28. Qxe2 fxe2 29. Rxf8+ Bxf8 30. Kc2 Bh6 31. Ne1 Bf4 32. Kd3 Bg3 33. Kxe2 Bxe1 34. Kxe1 e5 35. dxe5 Kf7 0-1


[Site "https://www.chess.com"]

[Event "Titled Tuesday Blitz October 11 Late 2022"]
[White "Rosen, Eric"]
[Black "Stanisz, Patryk"]
[WhiteFideId "2032562"]
[BlackFideId "1123106"]
[WhiteElo "2362"]
[BlackElo "2069"]
[Result "1-0"]
[Round "01"]
[TimeControl "180+1"]
[Date "2022.10.12"]
[WhiteClock "0:00:38"]
[BlackClock "0:00:02"]

1. d4 d5 2. Bf4 Nf6 3. e3 c5 4. Nf3 Nc6 5. Nbd2 e6 6. c3 cxd4 7. exd4 Nh5 8. Be3 Bd6 9. Ne5 g6 10. g4 Ng7 11. h4 h5 12. Bg5 Qb6 13. Bf6 Kf8 14. g5 Bxe5 15. dxe5 Rg8 16. Qb3 Qxb3 17. axb3 Nf5 18. Bd3 Ke8 19. b4 Nce7 20. Nf3 Bd7 21. Kd2 Bc6 22. b5 Bd7 23. Ra3 d4 24. c4 Nc8 25. Bxf5 exf5 26. Nxd4 Be6 27. Kc3 Nb6 28. Nxe6 fxe6 29. b3 Kf7 30. Rha1 Nc8 31. c5 Re8 32. Rd1 Kg8 33. Rd7 a6 34. Rxb7 a5 35. Rg7+ Kf8 36. Rxg6 Rb8 37. Kc4 Ne7 38. Rh6 Ng8 39. Rh7 1-0


[Site "https://www.chess.com"]

[Event "Titled Tuesday Blitz October 11 Late 2022"]
[White "Rosenberg, Evan S"]
[Black "Atakishiyev, Elmar"]
[WhiteFideId "2019299"]
[BlackFideId "13410547"]
[WhiteElo "2362"]
[BlackElo "2203"]
[Result "0-1"]
[Round "01"]
[TimeControl "180+1"]
[Date "2022.10.12"]
[WhiteClock "0:01:10"]
[BlackClock "0:01:59"]

1. e4 c5 2. Nc3 e6 3. Nge2 Nc6 4. f4 d5 5. e5 g5 6. d4 cxd4 7. Nb5 Qa5+ 8. Bd2 Qxb5 9. Nxd4 Qb6 10. Nxc6 bxc6 11. fxg5 Ne7 12. Bd3 Ng6 13. Qe2 Rb8 14. O-O-O Qxb2# 0-1


[Site "https://www.chess.com"]

[Event "Titled Tuesday Blitz October 11 Late 2022"]
[White "Rubio Tent, Francisco"]
[Black "Urazayev, Arystanbek"]
[WhiteFideId "2238233"]
[BlackFideId "13709810"]
[WhiteElo "2450"]
[BlackElo "2834"]
[Result "0-1"]
[Round "01"]
[TimeControl "180+1"]
[Date "2022.10.12"]
[WhiteClock "0:00:13"]
[BlackClock "0:00:39"]

1. e4 c5 2. Nf3 d6 3. d4 cxd4 4. Nxd4 Nf6 5. Nc3 a6 6. f4 e5 7. Nf3 Nbd7 8. Bd3 Qc7 9. a4 Be7 10. O-O exf4 11. Bxf4 Ne5 12. Kh1 Be6 13. Qe1 O-O 14. Nd4 Nfd7 15. Qg3 Ng6 16. Be3 Nde5 17. Nf5 Kh8 18. Bd4 Bf6 19. Ne2 Rac8 20. Bc3 Qd8 21. Nf4 Nxf4 22. Rxf4 Ng6 23. Rff1 Bxc3 24. bxc3 Rxc3 25. Qxd6 Bxf5 26. Qxd8 Rxd8 27. exf5 Ne5 28. Be4 b6 29. Rad1 Rxd1 30. Rxd1 h5 31. Rd8+ Kh7 32. f6+ g6 33. h3 Rc4 34. Bd5 Rd4 35. c4 Nxc4 36. Rc8 Nd6 37. Bf3 Nxc8 0-1


[Site "https://www.chess.com"]